Unix NetHack Version 5.0.0-0 post-release - last build Jun 10 2026 00:39:30 (3ee93aec679c4c4259841fe613dc97188e26a321,branch:main).

Game began 2026-06-11 16:11:36, ended 2026-06-12 22:01:01.

LDaviesPeters, neutral female human Archeologist

                        -----------------------------
                        |....|.....^.......^^^^^^^^.|
                        |...`|`....----------------+|
                        |.......`..|      |.........|
                        |....|`..O`|      |.........|
                        |..`.|...@.|      |.........|
                        |-.---------      |.........|
                        |....|....|       |....<....|
                        |.`.....`.---     |.........|
                        |.```|```..>|     |.........|
                        |....|....---     |.........|
                        -----------       -----------

LDaviesPeters the Field Worker  St:15 Dx:9 Co:14 In:18 Wi:13 Ch:12  Neutral
Dlvl:5  $:0  HP:0(44) Pw:25(25) AC:9  Xp:5 T:4221 

Latest messages:
 The giant ant bites!
 You miss the giant ant.
 The giant ant bites!
 The giant ant bites!
 You lash the giant ant.
 The giant ant bites!
 You kill the giant ant!
 With great effort you move the boulder.
 You smell fish.
 The boulder suddenly rolls away from you!
 You hear a boulder fall.
 What do you want to write with? [- aegmnvAGK or ?*] -
 You write in the dust with your fingertip.
 What do you want to write in the dust here? xx
 What do you want to write with? [- aegmnvAGK or ?*] ?
 Do you want to add to the current engraving? [ynq] (y) y
 You add to the writing in the dust with an iron wand.
 What do you want to add to the writing in the dust here? yy
 Something is written here in the dust.
 You read: "xxyy".
 You see no objects here.
 What do you want to call? [mGK or ?*] ?
 Call an iron wand: iron-nothing-1
 In what direction? .
 You feel better.
 With great effort you move the boulder.
 The boulder suddenly rolls away from you!
 You hear a boulder fall.
 With great effort you move the boulder.
 The ogre wields a club!
 The club welds itself to the ogre's hand!
 You lash the ogre.
 You lash the ogre.
 The ogre swings her club.
 The ogre hits!
 You miss the ogre.
 The ogre swings her club.
 The ogre hits!
 You lash the ogre.
 The ogre swings her club.
 The ogre hits!
 You miss the ogre.
 The ogre swings her club.
 The ogre hits!
 You lash the ogre.
 You lash the ogre.
 The ogre swings her club.
 The ogre hits!
 You die...
 Do you want your possessions identified? [ynq] (y) q

Inventory:
 Weapons  (')')
  e - 9 +0 darts
  a - a +2 bullwhip (weapon in right hand)
 Armor    ('[')
  c - an uncursed +0 fedora (being worn)
  h - a blessed +0 leather jacket (being worn)
 Comestibles  ('%')
  s - an uncursed cream pie
  d - 6 uncursed food rations
  H - 2 uncursed tripe rations
 Scrolls  ('?')
  I - 2 uncursed scrolls of earth
 Rings    ('=')
  m - an uncursed ring of free action (on left hand)
  v - an uncursed ring of stealth (on right hand)
 Wands    ('/')
  G - a wand of polymorph (0:5)
  K - a cursed wand of stasis (0:3)
 Tools    ('(')
  b - an uncursed sack containing 10 items
  j - a bag of tricks (0:17)
  k - an uncursed lock pick
  p - a +0 pick-axe (alternate weapon; not wielded)
  f - a tinning kit (0:67)
 Gems/Stones  ('*')
  n - 2 uncursed agate stones
  A - an uncursed topaz stone
  g - an uncursed touchstone

Contents of the sack:
  524 gold pieces
  an uncursed scroll of confuse monster
  an uncursed scroll of gold detection
  a cursed scroll of gold detection
  an uncursed scroll of light
  an uncursed scroll of magic mapping
  an uncursed potion of sickness
  7 uncursed potions of healing
  an uncursed potion of polymorph
  an uncursed potion of monster detection

LDaviesPeters the Archeologist's attributes:

Background:
 You were a Field Worker, a level 5 female human Archeologist.
 You were neutral, on a mission for Camaxtli
 who was opposed by Quetzalcoatl (lawful) and Huhetotl (chaotic).
 You were right-handed.
 You were in Sokoban, on level 5.
 You entered the dungeon 4221 turns ago.
 It was nighttime.
 You had 284 experience points, 36 more were needed to attain level 6.

Basics:
 You had 0 out of 44 hit points.
 You had all 25 energy points (spell power).
 Your armor class was 9.
 Your wallet was empty, but
 you had 524 zorkmids stashed away in your pack.
 Autopickup was off.

Final Characteristics:
 Your strength was 15 (limit:18/100).
 Your dexterity was 9 (limit:18).
 Your constitution was 14 (limit:18).
 Your intelligence was 18 (limit:18).
 Your wisdom was 13 (limit:18).
 Your charisma was 12 (limit:18).

Final Status:
 You weren't hungry.
 You were unencumbered.
 You were wielding a whip.
 You were skilled in whip.

Final Attributes:
 You were piously aligned.
 You had automatic searching.
 You were stealthy.
 You had free action.
 You were lucky.
 You are dead.

Miscellaneous:
 You didn't encounter any bones levels.
 Total elapsed playing time was 48 minutes and 8 seconds.

Major events:
 Turn
    1: LDaviesPeters the neutral female human Archeologist entered the dungeon
  473: entered the Gnomish Mines
 1230: attained the rank of Field Worker (level 3)
 3436: entered Sokoban
 3888: completed 1st Sokoban level
 4221: killed by an ogre

Spells:
 Name                 Level Category     Fail Retention
 healing                1   healing        0%  76%-100%
 invisibility           4   escape       100%  76%-100%

Skills:
 Fighting Skills
   bare handed combat [Unskilled]
   two weapon combat  [Unskilled]
   riding             [Unskilled]
 Weapon Skills
   dagger             [Unskilled]
   knife              [Unskilled]
   pick-axe           [Basic]
   short sword        [Unskilled]
   saber              [Unskilled]
   club               [Unskilled]
   quarterstaff       [Unskilled]
   sling              [Unskilled]
   dart               [Unskilled]
   boomerang          [Unskilled]
   whip               [Skilled]
   unicorn horn       [Unskilled]
 Spellcasting Skills
   attack spells      [Unskilled]
   healing spells     [Unskilled]
   divination spells  [Unskilled]
   matter spells      [Unskilled]

Voluntary challenges:
 Character rerolling was not enabled.
 You never genocided any monsters.
 You never polymorphed an object.
 You never changed form.
 You used no wishes.
 You did not violate any of the special Sokoban rules.
Achievements:
 You entered the Gnomish Mines.
 You attained the rank of Field Worker.
 You entered Sokoban.

 The Dungeons of Doom: levels 1 to 7
    Level 1:
       Many fountains.
    Level 2:
       Stairs down to The Gnomish Mines.
    Level 3:
       Some fountains, a grave.
    Level 4:
    Level 5:
       A fountain.
    Level 6:
    Level 7:
       An altar to Camaxtli, a fountain.
       Stairs up to Sokoban, level 6.
 The Gnomish Mines:
    Level 3:
 Sokoban: levels 6 up to 5
    Level 5: <- You were here.
       Unsolved.
       Final resting place for
          you, killed by an ogre.
    Level 6:
       Solved.


Vanquished creatures:
  a leprechaun
  2 rock moles
  a pony
  a gnomish wizard
 an elf zombie
  5 giant ants
  a dwarf
  a kobold leader
  2 rothes
  a centipede
  a hobbit
  2 manes
  a large kobold
  2 giant rats
  2 yellow molds
  4 gnomes
  2 garter snakes
  a gnome zombie
  4 geckos
 13 jackals
  a fox
  2 kobolds
  3 sewer rats
  3 grid bugs
  2 bats
  a kobold zombie
 10 newts
70 creatures vanquished.

No species were genocided or became extinct.

Game over:
                       ----------
                      /          \
                     /    REST    \
                    /      IN      \
                   /     PEACE      \
                  /                  \
                  |  LDaviesPeters   |
                  |      524 Au      |
                  |   killed by an   |
                  |       ogre       |
                  |                  |
                  |                  |
                  |       2026       |
                 *|     *  *  *      | *
        _________)/\\_//(\/(/\)/\//\/|_)_______

Goodbye LDaviesPeters the Archeologist...

You died in Sokoban on dungeon level 5 with 1908 points,
and 524 pieces of gold, after 4221 moves.
You were level 5 with a maximum of 44 hit points when you died.

